 Dungeon Crawl Stone Soup version 0.31-a0-182-gc5ef74bbde (webtiles) character file.

Game seed: 7215216220515754187

3719 qw the Skirmisher (level 10, 0/91 (94) HPs)
             Began as a Naga Hunter on June 20, 2023.
             Was a Follower of Okawaru.
             Slain by a wight
             ... wielding a +3 falchion
              (3 damage)
             ... on level 8 of the Dungeon.
             The game lasted 00:02:22 (5485 turns).

qw the Skirmisher (Naga Hunter)                     Turns: 5485, Time: 00:02:23

HP:   0/91 (94)     AC:  8    Str: 13    XL:     10   Next: 14%
MP:   10/10         EV: 24    Int: 18    God:    Okawaru [*.....]
Gold: 201           SH:  0    Dex: 28    Spells: 9/9 levels left

rFire   + . .        c - +8 arbalest of Mastery {flame, *Corrode Int+8 Dex+3}
rCold   + . .        (shield currently unavailable)
rNeg    . . .        r - +0 robe of the Flute {Dex+6 SInv}
rPois   +            l - +0 helmet
rElec   .            e - scarf {rC+ rF+}
rCorr   .            i - +2 pair of gloves
SInv    +            (no barding)
Will    +....        g - amulet of the acrobat
Stlth   +++          f - ring of the Hare {EV+10}
HPRegen 0.35/turn    (no ring)
MPRegen 0.12/turn

%: corrode self (3%), acrobat
@: about to teleport, lightly drained, very slow
A: AC +3, large, see invisible, deformed body, poison resistance, slowness 2,
spit poison 1, naga tail 1
a: Spit Poison, Renounce Religion, Heroism


You were on level 8 of the Dungeon.
You worshipped Okawaru.
Okawaru was aware of your devotion.
You visited 2 branches of the dungeon, and saw 9 of its levels.

You collected 553 gold pieces.
You spent 352 gold pieces at shops.


Innate Abilities, Weirdness & Mutations

Your serpentine skin is tough. (AC +3)
You have supernaturally acute eyesight. (SInv)
Armour fits poorly on your strangely shaped body.
Your system is resistant to poisons. (rPois)
You cover ground very slowly.
You can spit poison.
You have a snake-like lower body.


   Skills:
 - Level 7.1 Fighting
 + Level 10.5 Ranged Weapons
 - Level 2.0 Armour
 - Level 5.1 Dodging
 - Level 1.5 Stealth
 + Level 0.0 Invocations


You had 9 spell levels left.
You didn't know any spells.
Your spell library was empty.

Inventory:

Hand Weapons
 c - the +8 arbalest of Mastery (weapon) {flame, *Corrode Int+8 Dex+3}
   (You acquired it on level 3 of the Dungeon)

   Int:       It affects your intelligence (+8).
   Dex:       It affects your dexterity (+3).
   *Corrode:  It may corrode you when you take damage.
Armour
 e - a scarf of resistance (worn)
 i - a +2 pair of gloves (worn)
 l - a +0 helmet (worn)
 n - a +2 leather armour of fire resistance
 r - the +0 robe of the Flute (worn) {Dex+6 SInv}
   (You bought it in a shop on level 6 of the Dungeon)

   Dex:       It affects your dexterity (+6).
   SInv:      It lets you see invisible.
Jewellery
 b - the ring of Veicull {Ice Contam rPois rCorr Str-3}
   (You found it on level 3 of the Dungeon)

   [ring of ice]

   It enhances your ice magic.
   Str:       It affects your strength (-3).
   rF:        It makes you vulnerable to fire.
   rC:        It protects you from cold.
   rPois:     It protects you from poison.
   Contam:    It causes magical contamination when unequipped.
   rCorr:     It protects you from acid and corrosion.
 f - the ring of the Hare (left hand) {EV+10}
   (You found it on level 6 of the Dungeon)

   [ring of evasion]

   EV:        It affects your evasion (+10).
 g - an amulet of the acrobat (around neck)
Wands
 m - a wand of digging (7)
Scrolls
 h - a scroll of identify
 o - 2 scrolls of teleportation
Potions
 a - a potion of heal wounds
 d - 3 potions of curing
 j - a potion of haste
 k - a potion of mutation {unknown}
 p - a potion of enlightenment {unknown}

Dungeon Overview and Level Annotations

Branches:
Dungeon (8/15)             Temple (1/1) D:7
   Lair: D:8-11

Altars:
Ashenzari
Cheibriados
Dithmenos
Elyvilon
Fedhas
Hepliaklqana
Kikubaaqudgha
Makhleb
Nemelex Xobeh
Okawaru
Qazlal
Ru
Sif Muna
Trog
Uskayaw
Vehumet
Wu Jian
Xom
Yredelemnul
The Shining One

Shops:
D:2 [   D:6 [

Portals:
Abyss: D:6

Annotations:
D:6 2 transporters, qw's ghost, novice GrFi


Message History

The splash of poison hits the yak!
The yak is poisoned.
The yak is severely wounded.
The yak completely misses you. The yak closely misses you.
The wight misses you. The wight hits you but does no damage.
The yak closely misses you.
You shoot a bolt. The bolt hits the yak!!
The bolt burns the yak.
You kill the yak!
Okawaru accepts your kill. The wight misses you.
The wight completely misses you. The yak barely misses you.
The yak completely misses you. The wight hits you with a +3 falchion.
You feel drained.
The yak snorts and paws the ground.
The yak completely misses you. x2; The wight closely misses you.
Your life force feels restored.
You shoot a bolt. The bolt hits the yak!
The bolt burns the yak.
The yak is severely wounded.
The yak completely misses you. x2; The wight completely misses you.
The yak completely misses you. The wight closely misses you.
You shoot a bolt. The bolt completely misses the yak.
The bolt barely misses the quasit.
The yak gores you! The yak closely misses you.
The wight hits you but does no damage. The wight misses you.
The yak barely misses you.
You shoot a bolt. The bolt hits the yak!
The bolt burns the yak.
You kill the yak!
Okawaru accepts your kill.
You can now gain great but temporary skills.
You have got your breath back.
The yak gores you. The wight closely misses you.
The wight hits you from afar with a +0 spear.
You feel drained.
The yak gores you. x2; The yak completely misses you.
The wight closely misses you. The yak gores you.
The wight completely misses you.
Your life force feels restored.
5485 ||| READING 3 scrolls of teleportation.
As you read the scroll of teleportation, it crumbles to dust.
You feel strangely unstable. The yak closely misses you. The yak gores you.
The yak completely misses you. The wight barely misses you.
The wight hits you with a +3 falchion!
You feel drained.
You die...

.## .. ..## ## ~. ...#
.# .. ###### ....# .#
..## #....##5..##
.####(.# #....YYY...#
.......# #...z@YY...#
.......#####....##Y...#
#.........##..z.# ...#
....##.##.##....# ..#
....#...#.##)...# .#
......_=........# #
.##.#...#...#####
.##.##.##.....<.
.##.............


You could see 6 yaks, 2 wights and a quasit.

Vanquished Creatures
  Grinder (D:4)
  5 yaks (D:8)
  Eustachio (D:4)
  2 water moccasins
  Edmund (D:3)
  2 ice beasts
  3 orc warriors
  2 ogres (D:5)
  A centaur (D:8)
  2 bullfrogs
  A kobold brigand (D:6)
  6 scorpions
  A wight (D:8)
  4 killer bees (D:7)
  2 howler monkeys (D:7)
  4 orc priests
  A hound (D:6)
  2 iguanas
  9 orc wizards
  9 adders
  9 gnolls
  A shadow imp (D:8)
  2 white imps
  3 worms
  2 dart slugs
  32 orcs
  7 bats
  3 endoplasms
  4 giant cockroaches
  7 goblins
  5 hobgoblins
  2 jackals (D:3)
  4 quokkas
  9 ball pythons
  2 frilled lizards (D:1)
  13 kobolds
  2 rats
166 creatures vanquished.

Notes
Turn   | Place    | Note
-------+----------+-------------------------------------------
     0 | D:1      | qw the Naga Hunter began the quest for the Orb.
     0 | D:1      | Reached XP level 1. HP: 19/19 MP: 1/1
     0 | D:1      | 0 ||| qw: Version: 0.3-a-9-g12657ce
     0 | D:1      | 0 ||| qw: Game counter: 1256
     0 | D:1      | 0 ||| qw: Always use a shield: true
     0 | D:1      | 0 ||| qw: God list: Okawaru
     0 | D:1      | 0 ||| qw: Allow faded altars: false
     0 | D:1      | 0 ||| qw: Do Orc after D:15 true
     0 | D:1      | 0 ||| qw: Do second Lair branch before Depths: true
     0 | D:1      | 0 ||| qw: Lair rune preference: random
     0 | D:1      | 0 ||| qw: Plans: Normal
     0 | D:1      | 0 ||| PLANNING D:1-11
    49 | D:1      | 49 ||| INVOKING Spit Poison.
   128 | D:1      | 128 ||| INVOKING Spit Poison.
   132 | D:1      | 132 ||| INVOKING Spit Poison.
   133 | D:1      | Reached skill level 4 in Ranged Weapons
   133 | D:1      | Reached XP level 2. HP: 26/26 MP: 2/2
   260 | D:1      | 260 ||| INVOKING Spit Poison.
   272 | D:1      | 272 ||| INVOKING Spit Poison.
   277 | D:1      | 277 ||| INVOKING Spit Poison.
   336 | D:1      | 336 ||| INVOKING Spit Poison.
   380 | D:1      | 380 ||| INVOKING Spit Poison.
   385 | D:1      | 385 ||| INVOKING Spit Poison.
   445 | D:1      | 445 ||| UPGRADING to scarf of resistance.
   450 | D:1      | 450 ||| UPGRADING to amulet of the acrobat.
   455 | D:1      | 455 ||| READING scroll labelled FESIMAH QIYSET.
   456 | D:1      | 456 ||| READING scroll labelled JUNIWK QAENAOKK.
   457 | D:1      | 457 ||| DROPPING scroll of butterflies.
   521 | D:2      | 521 ||| INVOKING Spit Poison.
   558 | D:2      | 558 ||| INVOKING Spit Poison.
   579 | D:2      | 579 ||| INVOKING Spit Poison.
   580 | D:2      | 580 ||| INVOKING Spit Poison.
   581 | D:2      | Reached XP level 3. HP: 32/32 MP: 3/3
   616 | D:2      | 616 ||| INVOKING Spit Poison.
   620 | D:2      | 620 ||| INVOKING Spit Poison.
   631 | D:2      | 631 ||| INVOKING Spit Poison.
   872 | D:2      | Found Kettog's Armour Shop.
   883 | D:2      | 883 ||| BUYING +0 pair of gloves (58 gold).
   883 | D:2      | Bought a +0 pair of gloves for 58 gold pieces
   883 | D:2      | 883 ||| SHOPLISTING +1 ring mail of fire resistance (208
                  | gold, have 56).
   883 | D:2      | 883 ||| SHOPLISTING +3 ring mail of positive energy (299
                  | gold, have 56).
   883 | D:2      | 883 ||| SHOPLISTING +3 salamander hide armour {Flames,
                  | rFlCloud rF++ rC--} (448 gold, have 56).
   911 | D:2      | 911 ||| INVOKING Spit Poison.
   932 | D:2      | 932 ||| INVOKING Spit Poison.
   949 | D:2      | 949 ||| INVOKING Spit Poison.
  1048 | D:2      | 1048 ||| UPGRADING to +0 pair of gloves.
  1053 | D:2      | 1053 ||| READING scroll labelled WAVIUSTAOH.
  1057 | D:2      | 1057 ||| READING scroll labelled GYIKIN FANUET.
  1058 | D:2      | 1058 ||| READING scroll labelled PIYKOCKYQA.
  1059 | D:2      | 1059 ||| DRINKING 2 fizzy sapphire potions.
  1087 | D:2      | 1087 ||| DROPPING potion of lignification.
  1107 | D:3      | Found a sparkling altar of Nemelex Xobeh.
  1154 | D:3      | 1154 ||| INVOKING Spit Poison.
  1169 | D:3      | Identified the ring of Veicull {Ice Contam rPois rCorr
                  | Str-3}
  1194 | D:3      | 1194 ||| INVOKING Spit Poison.
  1196 | D:3      | Reached skill level 5 in Ranged Weapons
  1196 | D:3      | Reached XP level 4. HP: 39/39 MP: 4/4
  1204 | D:3      | 1204 ||| INVOKING Spit Poison.
  1211 | D:3      | 1211 ||| INVOKING Spit Poison.
  1248 | D:3      | 1248 ||| INVOKING Spit Poison.
  1277 | D:3      | 1277 ||| INVOKING Spit Poison.
  1294 | D:3      | 1294 ||| INVOKING Spit Poison.
  1368 | D:3      | 1368 ||| INVOKING Spit Poison.
  1435 | D:3      | 1435 ||| INVOKING Spit Poison.
  1502 | D:3      | 1502 ||| INVOKING Spit Poison.
  1508 | D:3      | Reached skill level 3 in Fighting
  1514 | D:3      | 1514 ||| INVOKING Spit Poison.
  1517 | D:3      | 1517 ||| INVOKING Spit Poison.
  1518 | D:3      | Reached XP level 5. HP: 48/49 MP: 5/5
  1520 | D:3      | 1520 ||| INVOKING Spit Poison.
  1525 | D:3      | 1525 ||| INVOKING Spit Poison.
  1525 | D:3      | HP: 4/49 [gnoll/+0 halberd (14)]
  1718 | D:3      | 1718 ||| INVOKING Spit Poison.
  1820 | D:3      | 1820 ||| INVOKING Spit Poison.
  1827 | D:3      | 1827 ||| INVOKING Spit Poison.
  1832 | D:3      | 1832 ||| INVOKING Spit Poison.
  1837 | D:3      | 1837 ||| INVOKING Spit Poison.
  1884 | D:3      | 1884 ||| INVOKING Spit Poison.
  1941 | D:3      | 1941 ||| INVOKING Spit Poison.
  1944 | D:3      | 1944 ||| INVOKING Spit Poison.
  1945 | D:3      | 1945 ||| INVOKING Spit Poison.
  1946 | D:3      | 1946 ||| INVOKING Spit Poison.
  1949 | D:3      | Reached skill level 6 in Ranged Weapons
  1949 | D:3      | Reached XP level 6. HP: 55/56 MP: 6/6
  1953 | D:3      | 1953 ||| INVOKING Spit Poison.
  2075 | D:3      | 2075 ||| INVOKING Spit Poison.
  2198 | D:3      | 2198 ||| UPGRADING to +3 ring mail.
  2208 | D:3      | 2208 ||| DROPPING +0 leather armour.
  2263 | D:3      | 2263 ||| READING scroll labelled OLIPPOL ZISIHU.
  2264 | D:3      | 2264 ||| READING scroll labelled FIOFREGUIZ.
  2264 | D:3      | Identified a scroll of acquirement
  2264 | D:3      | 2264 ||| ACQUIRING +8 arbalest of Mastery {flame, *Corrode
                  | Int+8 Dex+3}
  2264 | D:3      | Acquired the +8 arbalest of Mastery {flame, *Corrode Int+8
                  | Dex+3}
  2266 | D:3      | 2266 ||| SWAPPING to +8 arbalest of Mastery {flame,
                  | *Corrode Int+8 Dex+3}.
  2267 | D:3      | 2267 ||| DROPPING +0 shortbow of flaming.
  2268 | D:3      | 2268 ||| READING 2 scrolls of identify.
  2268 | D:3      | 2268 ||| IDENTIFYING smoky orange potion
  2289 | D:4      | Noticed Edmund
  2290 | D:4      | 2290 ||| INVOKING Spit Poison.
  2294 | D:4      | 2294 ||| STAIRDANCE
  2296 | D:3      | 2296 ||| INVOKING Spit Poison.
  2298 | D:3      | Killed Edmund
  2374 | D:4      | Noticed Grinder
  2376 | D:4      | Killed Grinder
  2377 | D:4      | Reached XP level 7. HP: 52/66 MP: 7/7
  2449 | D:4      | 2449 ||| INVOKING Spit Poison.
  2474 | D:4      | 2474 ||| INVOKING Spit Poison.
  2478 | D:4      | 2478 ||| INVOKING Spit Poison.
  2506 | D:4      | 2506 ||| INVOKING Spit Poison.
  2539 | D:4      | 2539 ||| INVOKING Spit Poison.
  2558 | D:4      | Noticed Eustachio
  2560 | D:4      | 2560 ||| INVOKING Spit Poison.
  2565 | D:4      | 2565 ||| INVOKING Spit Poison.
  2565 | D:4      | Killed Eustachio
  2580 | D:4      | 2580 ||| INVOKING Spit Poison.
  2584 | D:4      | 2584 ||| Stepping ~*~*~tactically~*~*~ (outnumbered).
  2585 | D:4      | 2585 ||| INVOKING Spit Poison.
  2589 | D:4      | 2589 ||| INVOKING Spit Poison.
  2592 | D:4      | Reached skill level 7 in Ranged Weapons
  2592 | D:4      | 2592 ||| INVOKING Spit Poison.
  2710 | D:4      | 2710 ||| INVOKING Spit Poison.
  2713 | D:4      | 2713 ||| INVOKING Spit Poison.
  2716 | D:4      | Reached XP level 8. HP: 66/73 MP: 8/8
  2838 | D:4      | 2838 ||| READING scroll labelled BYMNIRHEEFA.
  2839 | D:4      | 2839 ||| READING scroll labelled RUEJ QA BONUQI.
  2840 | D:4      | 2840 ||| READING scroll labelled QIRPHUF LOFAORA.
  2941 | D:4      | 2941 ||| DRINKING 2 sedimented black potions.
  2948 | D:5      | Entered Level 5 of the Dungeon
  2953 | D:5      | 2953 ||| INVOKING Spit Poison.
  3038 | D:5      | 3038 ||| INVOKING Spit Poison.
  3053 | D:5      | 3053 ||| INVOKING Spit Poison.
  3056 | D:5      | Reached skill level 8 in Ranged Weapons
  3073 | D:5      | 3073 ||| INVOKING Spit Poison.
  3087 | D:5      | 3087 ||| INVOKING Spit Poison.
  3161 | D:5      | 3161 ||| INVOKING Spit Poison.
  3250 | D:5      | 3250 ||| READING scroll of enchant armour.
  3250 | D:5      | 3250 ||| ENCHANTING +0 pair of gloves.
  3282 | D:5      | 3282 ||| INVOKING Spit Poison.
  3307 | D:5      | Found a white marble altar of Elyvilon.
  3326 | D:5      | Found a radiant altar of Vehumet.
  3354 | D:5      | 3354 ||| UPGRADING to +0 helmet.
  3359 | D:5      | 3359 ||| DRINKING 2 purple potions.
  3360 | D:5      | 3360 ||| READING 2 scrolls of identify.
  3360 | D:5      | 3360 ||| IDENTIFYING viscous grey potion
  3361 | D:5      | 3361 ||| DROPPING potion of degeneration.
  3372 | D:5      | 3372 ||| INVOKING Spit Poison.
  3383 | D:6      | 3383 ||| INVOKING Spit Poison.
  3391 | D:6      | Reached skill level 9 in Ranged Weapons
  3438 | D:6      | 3438 ||| INVOKING Spit Poison.
  3442 | D:6      | 3442 ||| INVOKING Spit Poison.
  3502 | D:6      | Found a transporter.
  3543 | D:6      | Found the ring of the Hare {EV+10}
  3548 | D:6      | Found a transporter.
  3565 | D:6      | Noticed qw's ghost (novice GrFi)
  3587 | D:6      | 3587 ||| INVOKING Spit Poison.
  3591 | D:6      | Reached XP level 9. HP: 82/82 MP: 9/9
  3592 | D:6      | 3592 ||| INVOKING Spit Poison.
  3594 | D:6      | Reached skill level 6 in Fighting
  3669 | D:6      | 3669 ||| INVOKING Spit Poison.
  3689 | D:6      | Reached skill level 3 in Dodging
  3803 | D:6      | Noticed a toenail golem
  3814 | D:6      | 3814 ||| INVOKING Spit Poison.
  3818 | D:6      | 3818 ||| Stepping ~*~*~tactically~*~*~ (outnumbered).
  3820 | D:6      | 3820 ||| Stepping ~*~*~tactically~*~*~ (outnumbered).
  3821 | D:6      | 3821 ||| INVOKING Spit Poison.
  3826 | D:6      | 3826 ||| READING scroll of enchant armour.
  3826 | D:6      | 3826 ||| ENCHANTING +1 pair of gloves.
  3860 | D:6      | Found a one-way gate to the infinite horrors of the Abyss.
  3868 | D:6      | Found Weraut's Armour Shoppe.
  3874 | D:6      | 3874 ||| BUYING +0 robe of the Flute {Dex+6 SInv} (294
                  | gold).
  3874 | D:6      | Bought the +0 robe of the Flute {Dex+6 SInv} for 294 gold
                  | pieces
  3950 | D:6      | Noticed a large abomination
  4054 | D:6      | 4054 ||| INVOKING Spit Poison.
  4058 | D:6      | 4058 ||| INVOKING Spit Poison.
  4111 | D:6      | 4111 ||| DROPPING +1 leather armour of cold resistance.
  4112 | D:6      | 4112 ||| UPGRADING to +0 robe of the Flute {Dex+6 SInv}.
  4122 | D:6      | 4122 ||| DROPPING +3 ring mail.
  4123 | D:6      | 4123 ||| UPGRADING to ring of the Hare {EV+10}.
  4124 | D:6      | 4124 ||| READING scroll labelled TENUT NAAKLUX.
  4162 | D:7      | 4162 ||| INVOKING Spit Poison.
  4168 | D:7      | 4168 ||| INVOKING Spit Poison.
  4169 | D:7      | 4169 ||| STAIRDANCE
  4173 | D:6      | 4173 ||| INVOKING Spit Poison.
  4177 | D:6      | 4177 ||| INVOKING Spit Poison.
  4204 | D:7      | 4204 ||| INVOKING Spit Poison.
  4210 | D:7      | 4210 ||| INVOKING Spit Poison.
  4214 | D:7      | 4214 ||| INVOKING Spit Poison.
  4245 | D:7      | 4245 ||| INVOKING Spit Poison.
  4248 | D:7      | 4248 ||| INVOKING Spit Poison.
  4329 | D:7      | 4329 ||| INVOKING Spit Poison.
  4345 | D:7      | 4345 ||| INVOKING Spit Poison.
  4349 | D:7      | 4349 ||| INVOKING Spit Poison.
  4383 | D:7      | Found a staircase to the Ecumenical Temple.
  4384 | D:7      | 4384 ||| PLANNING TEMPLE
  4384 | D:7      | 4384 ||| READING scroll labelled EXEUXZOARY.
  4390 | Temple   | Entered the Ecumenical Temple
  4391 | Temple   | 4391 ||| PLANNING OKAWARU WORSHIP
  4861 | Temple   | Became a worshipper of Warmaster Okawaru
  4862 | Temple   | 4862 ||| PLANNING D:1-11
  4931 | D:7      | 4931 ||| INVOKING Spit Poison.
  5008 | D:7      | Reached skill level 10 in Ranged Weapons
  5384 | D:8      | 5384 ||| INVOKING Spit Poison.
  5387 | D:8      | 5387 ||| INVOKING Spit Poison.
  5418 | D:8      | 5418 ||| INVOKING Spit Poison.
  5421 | D:8      | 5421 ||| INVOKING Spit Poison.
  5422 | D:8      | 5422 ||| INVOKING Spit Poison.
  5428 | D:8      | 5428 ||| INVOKING Spit Poison.
  5443 | D:8      | Found a bloodstained altar of Trog.
  5456 | D:8      | 5456 ||| INVOKING Spit Poison.
  5460 | D:8      | 5460 ||| INVOKING Spit Poison.
  5465 | D:8      | 5465 ||| INVOKING Spit Poison.
  5471 | D:8      | 5471 ||| INVOKING Spit Poison.
  5473 | D:8      | Reached XP level 10. HP: 74/94 MP: 10/10
  5477 | D:8      | 5477 ||| INVOKING Spit Poison.
  5480 | D:8      | 5480 ||| INVOKING Spit Poison.
  5484 | D:8      | Reached * piety under Okawaru
  5484 | D:8      | HP: 22/92 [yak (6)]
  5485 | D:8      | 5485 ||| READING 3 scrolls of teleportation.
  5485 | D:8      | HP: 3/94 [wight/+3 falchion (11)]
  5485 | D:8      | Slain by a wight

Levels and vault maps discovered:
D:1:      dpeg_arrival_renting, layout_rooms, minmay_misc_feat_ornament
D:2:      layout_basic, serial_shops, nicolae_shop_tiny_waterfront
D:3:      layout_loops_corners, general_overflow_altar
D:4:      layout_rooms, uniq_grinder, uniq_eustachio, uniq_edmund
D:5:      layout_rooms, mainiacjoe_overflow_big_doors, minivault_23
D:6:      layout_cave_pods, serial_shops, nicolae_square_shop,
          gammafunk_ghost_abyssal_escape
D:7:      layout_cave_pools, minmay_temple_entry_fiery, enter_bailey_7,
          serial_rivers, chequers_serial_rivers_marsh,
          chequers_serial_rivers_micro_e, chequers_serial_rivers_room_a,
          chequers_serial_rivers_small_3, chequers_serial_rivers_micro_b,
          chequers_serial_rivers_large_a
D:8:      layout_gridville, nicolae_overflow_crystal_walls, serial_demonic,
          serial_demonic_b, serial_demonic_e, serial_demonic_d, serial_demonic_g
Temple:   compressed_dpeg_triangle_lava_temple

Skill      XL: |  1  2  3  4  5  6  7  8  9 |
---------------+----------------------------+-----
Ranged Weapons | 4 5 6 7 9 10 | 10.5
Fighting       | 3 4 5 7 |  7.1
Armour         | 2 |  2.0
Dodging        | 2 5 |  5.1
Stealth        | |  1.5

Action                     |  1- 3 |  4- 6 |  7- 9 | 10-12 || total
---------------------------+-------+-------+-------+-------++-------
   Fire: Shortbow          |    49 |    80 |       |       ||   129
         Arbalest          |       |     7 |   157 |    10 ||   174
Ability: Spit Poison       |    20 |    24 |    53 |     2 ||    99
    Use: Scroll            |     5 |     3 |     8 |     1 ||    17
         Potion            |     1 |       |     2 |       ||     3
 Armour: Leather armour    |     5 |     8 |       |       ||    13
         Ring mail         |       |       |    14 |       ||    14
         Robe              |       |       |    13 |     4 ||    17
  Dodge: Dodged            |     4 |    24 |   131 |    47 ||   206

Table legend:
 A = Non-vault XP
 B = Vault XP
 C = Vault XP percentage of total XP
 D = Non-vault monster count
 E = Vault monster count
 F = Vault count percentage of total count
                 A         B        C        D         E       F
            +---------+---------+-------+---------+---------+-------
      Total |    4638 |     675 |  12.7 |     157 |       9 |   5.4
            +---------+---------+-------+---------+---------+-------
        D:1 |      25 |       0 |   0.0 |      16 |       0 |   0.0
        D:2 |      40 |       0 |   0.0 |      15 |       0 |   0.0
        D:3 |     267 |     147 |  35.5 |      35 |       1 |   2.8
        D:4 |     286 |     475 |  62.4 |      14 |       2 |  12.5
        D:5 |     696 |       0 |   0.0 |      11 |       0 |   0.0
        D:6 |     955 |       0 |   0.0 |      28 |       0 |   0.0
        D:7 |     751 |      32 |   4.1 |      24 |       4 |  14.3
        D:8 |    1618 |      21 |   1.3 |      14 |       2 |  12.5
            +---------+---------+-------+---------+---------+-------
